Map: Blackpink LE

Players

Holydan - Winner!

  • Race: Terran Terran
  • League: Diamond
  • Spawn Location: 7:00

rafapras

  • Race: Protoss Protoss
  • League: Diamond
  • Spawn Location: 1:00

VOD

Have the link to the VOD?

Description

Time

  • Played on: Dec. 2, 2017, 10:02 a.m.
  • Length: 11:30
Show
View Real Time Build Order
Export as new Build Order

Holydan Terran - Winner!

Build Orders:  

Get SALT Encoding   

  12  0:00  SCV  
  13  0:13  SCV  
  14  0:24  Supply Depot  
  14  0:26  SCV  
  15  0:31  Refinery  
  15  0:45  SCV  
  15  0:46  Barracks  
  16  0:57  Refinery  
  16  0:58  SCV  
  17  1:10  SCV  
  18  1:17  Barracks  
  18  1:26  SCV  
  19  1:33  Barracks Tech Lab  
  19  1:41  Factory  
  19  1:54  Orbital Command  
  19  2:04  Stimpack  
  19  2:08  Barracks Reactor  
  19  2:21  SCV  
  20  2:24  Supply Depot  
  20  2:32  Marauder  
  22  2:39  Factory Reactor  
  22  2:44  Marine  
  22  2:45  Marine  
  24  2:54  Starport  
  24  2:56  Marauder  
  26  3:04  SCV  
  27  3:07  Marine x2  
  29  3:18  Marauder  
  31  3:29  SCV  
  31  3:33  Marine x2  
  34  3:40  Medivac x2  
  38  3:50  Supply Depot  
  38  4:05  Liberator  
  38  4:12  Marauder  
  40  4:19  Marine x2  
  40  4:20  Factory Tech Lab  
  45  4:27  SCV  
  46  4:33  Marauder  
  46  4:37  Marine x2  
  50  4:54  Marine  
  47  5:10  Marine x2  
  47  5:13  Marauder, Siege Tank  
  54  5:16  Liberator  
  55  5:40  Command Center  
  45  7:11  Command Center  
  44  7:48  Command Center  
  44  8:40  Refinery  
  44  8:46  Barracks Tech Lab  
  44  8:52  Factory Reactor  
  44  8:56  Barracks Tech Lab  
  44  9:00  Orbital Command  
  44  9:01  Orbital Command  
  44  9:16  Refinery  
  44  9:21  Concussive Shells  
  44  9:27  Supply Depot  
  44  9:52  Supply Depot  
  44  9:53  Marauder  
  46  10:14  SCV x2, Cyclone x2  
  54  10:32  SCV x2, Marauder  
  58  10:44  SCV  
  59  10:56  SCV, Widow Mine  
Show
View Real Time Build Order
Export as new Build Order

rafapras Protoss 

Build Orders:  

Get SALT Encoding   

  12  0:01  Probe  
  13  0:13  Probe  
  14  0:18  Pylon  
  14  0:25  Probe  
  15  0:37  Probe  
  15  0:39  Gateway  
  16  0:46  Assimilator  
  16  0:49  Probe (Chrono Boost)  
  17  1:01  Probe (Chrono Boost)  
  18  1:10  Probe (Chrono Boost)  
  19  1:17  Probe  
  20  1:22  Gateway  
  20  1:26  Cybernetics Core  
  20  1:29  Probe (Chrono Boost)  
  21  1:34  Pylon  
  22  1:41  Probe (Chrono Boost)  
  22  1:43  Assimilator  
  22  1:46  Probe  
  23  1:58  Probe  
  24  2:03  Warp Gate  
  24  2:04  Adept (Chrono Boost)  
  26  2:10  Probe  
  29  2:21  Stalker (Chrono Boost)  
  29  2:25  Stalker (Chrono Boost)  
  29  2:29  Pylon  
  31  2:47  Stalker  
  33  2:51  Stalker  
  35  3:04  Nexus  
  35  3:23  Robotics Facility  
  35  3:30  Shield Battery  
  35  3:38  Shield Battery  
  36  3:41  Probe  
  36  3:53  Probe  
  37  4:11  Adept  
  37  4:16  Immortal (Chrono Boost)  
  43  4:23  Pylon  
  43  4:27  Shield Battery  
  43  4:29  Adept  
  49  4:40  Immortal (Chrono Boost)  
  49  4:41  Probe (Chrono Boost)  
  51  4:47  Probe (Chrono Boost)  
  52  4:53  Probe (Chrono Boost)  
  50  5:00  Adept x2  
  52  5:11  Probe  
  53  5:23  Warp Prism  
  53  5:24  Probe  
  53  5:28  Pylon  
  56  5:30  Pylon  
  56  5:32  Probe  
  56  5:33  Gateway  
  56  5:35  Gateway, Assimilator  
  37  6:54  Nexus  
  37  6:57  Pylon  
  37  6:58  Pylon  
  32  8:15  Gateway  
  32  8:18  Pylon  
  32  8:25  Gateway  
  32  8:36  Probe (Chrono Boost)  
  33  8:47  Probe (Chrono Boost), Assimilator  
  34  8:52  Probe  
  35  9:03  Cybernetics Core  
  35  9:24  Nexus  
  35  9:27  Probe (Chrono Boost)  
  36  9:37  Assimilator  
  37  9:39  Probe (Chrono Boost)  
  37  9:43  Probe (Chrono Boost)  
  37  9:45  Shield Battery  
  38  9:53  Probe, Twilight Council  
  39  10:17  Pylon  
  40  10:35  Probe  
  40  10:36  Dark Shrine  
  40  10:38  Probe (Chrono Boost)  
  41  10:45  Robotics Facility  
  41  10:49  Probe (Chrono Boost)  
  43  10:50  Probe (Chrono Boost)  
  43  10:52  Zealot  
  43  10:56  Zealot  
  49  10:58  Probe x2 (Chrono Boost)  
  49  11:02  Probe  
  49  11:04  Probe  
  51  11:14  Probe  
  51  11:16  Probe  
Tags
 
Add a new tag
Caveats
  • Supply blocks, unpowered buildings, or Contaminate may cause inaccurate times.
  • Supply counts are checked every 10 seconds.